 Dungeon Crawl Stone Soup version 0.19.1-1-g22dce08 (webtiles) character file.

1075 pib the Skirmisher (level 8, -8/71 HPs)
             Began as a Minotaur Fighter on Jan 7, 2017.
             Killed by nerve-wracking pain
             ... invoked by an orc priest
              (9 damage)
             ... on level 5 of the Dungeon.
             The game lasted 00:15:51 (5357 turns).

pib the Skirmisher (Minotaur Fighter)               Turns: 5357, Time: 00:15:52

Health: -8/71      AC: 15    Str: 21    XL:     8   Next: 8%
Magic:  7/7        EV:  4    Int:  5    God:
Gold:   188        SH: 10    Dex: 12    Spells: 0 memorised, 7 levels left

rFire  . . .     SeeInvis +     w - +2 mace (protect)
rCold  . . .     Gourm    .     G - +1 plate armour
rNeg   . . .     Faith    .     c - +0 shield
rPois  .         Spirit   .     (helmet restricted)
rElec  .         Reflect  .     (no cloak)
rCorr  .         Harm     .     t - +0 pair of gloves
MR     .....                    (no boots)
Stlth  ..........               (no amulet)
                                F - ring of see invisible
                                s - ring of stealth (curse)

@: about to teleport, very slightly contaminated, slowed, very slow
A: retaliatory headbutt, horns 2
a: no special abilities


You were on level 5 of the Dungeon.
You were hungry.

You visited 1 branch of the dungeon, and saw 5 of its levels.
You also visited: Ossuary.

You collected 248 gold pieces.
You spent 60 gold pieces at shops.

Inventory:

Hand Weapons
 a - a +0 flail
 w - a +2 mace of protection (weapon)
Missiles
 I - 3 tomahawks (quivered)
Armour
 b - a +0 scale mail
 c - a +0 shield (worn)
 t - a +0 pair of gloves (worn)
 E - a +0 chain mail
 G - a +1 plate armour (worn)
 H - a +1 ring mail of fire resistance
Jewellery
 s - a cursed ring of stealth (left hand)
 y - a +1 ring of evasion
 F - a ring of see invisible (right hand)
Wands
 u - a wand of flame (36/48)
 z - a wand of slowing (36/48)
Scrolls
 i - a scroll of amnesia
 m - 2 scrolls of remove curse
 r - a scroll of teleportation
 B - 2 scrolls of enchant armour
Potions
 d - a potion of might
 e - a potion of cure mutation {unknown}
 g - a potion of haste {unknown}
 k - 3 potions of brilliance
 n - 3 potions of curing
 o - a potion of flight {unknown}
 q - 3 potions of lignification {unknown}
 x - a potion of resistance {unknown}
 A - a potion of berserk rage {unknown}
 C - a potion of ambrosia {unknown}
Comestibles
 f - 3 bread rations
 h - 2 beef jerkies
 j - a chunk of flesh
 l - 5 fruits
 p - 2 slices of pizza


   Skills:
 + Level 6.9 Fighting
 + Level 5.8 Maces & Flails
 + Level 6.7 Armour
 + Level 6.7 Shields


You had 7 spell levels left.
You didn't know any spells.

Dungeon Overview and Level Annotations

Branches:
Dungeon (5/15)
 Temple: D:4-7

Altars:
Ashenzari
Cheibriados
Fedhas
Gozag
Hepliaklqana
Makhleb
Ru
Trog
Uskayaw

Shops:
D:5 *


Innate Abilities, Weirdness & Mutations

You reflexively headbutt those who attack you in melee.
You have a pair of horns on your head.


Message History

You feel as though you will be slow longer.
The orc wizard hits you but does no damage.
You block the orc wizard's attack.
You hit the orc wizard.
Your weapon exudes an aura of protection.
The orc wizard is almost dead.
The orc wizard hits you but does no damage.
The orc priest calls down the wrath of Beogh upon you.
Beogh smites you!
* * * LOW HITPOINT WARNING * * *
The orc wizard gestures wildly while chanting.
As you read the scroll of teleportation, it crumbles to dust.
You feel strangely unstable.
The orc wizard is no longer moving quickly.
The orc wizard casts a spell at you.
You feel as though you will be slow longer.
You block the orc wizard's attack.
The orc priest mumbles some strange prayers to Beogh against you.
Pain shoots through your body!
You die...

........#.(.......# #####.
.......#.........# #.....
# #...............# #.####
#.##............###### #.#
#.............##.....#
#.####
#....).(§............#
#....#
#....)...............#
####.#
#........###oo.....### #.#
#..###...# #@......# #.#
o... #...# #....÷..## #.#
.o#. ...............# #.#
# #
.........######.#######.#
..........#...........#..#
(.......#.####.####.#..#
.....#..# #.......#.#..#
...#+#..# #.##.##.#.#..#
... ...#.#.#...#.#.#..#


You could see an orc priest and an orc wizard.

Vanquished Creatures
  A sky beast (D:5)
  2 orc warriors
  A bullfrog (D:4)
  A crimson imp (D:3)
  A quasit (D:5)
  2 orc priests (D:4)
  A bullfrog skeleton (D:4)
  4 hounds
  2 centaur skeletons (D:4)
  2 orc wizards
  A worker ant (D:4)
  4 big kobold zombies (Ossuary)
  A mummy (Ossuary)
  Robin (D:3)
  5 adders
  An adder zombie (D:5)
  2 dart slugs (D:1)
  2 leopard geckos
  19 orcs
  7 spectral bats (Ossuary)
  11 bats
  4 giant cockroaches
  8 gnoll zombies (Ossuary)
  16 goblins
  10 hobgoblins
  5 jackals
  8 kobolds
  2 quokkas (D:3)
  5 bat simulacra (Ossuary)
  5 frilled lizards
  A giant cockroach zombie (D:5)
  4 goblin simulacra (Ossuary)
  3 goblin zombies (Ossuary)
  5 hobgoblin zombies (Ossuary)
  2 kobold simulacra (Ossuary)
  3 kobold zombies (Ossuary)
  7 orc zombies (Ossuary)
  10 rats
  3 rat simulacra (Ossuary)
  2 spectral goblins (Ossuary)
  A spectral kobold (Ossuary)
  5 spectral rats (Ossuary)
180 creatures vanquished.

Notes
Turn   | Place    | Note
-------+----------+-------------------------------------------
     0 | D:1      | pib the Minotaur Fighter began the quest for the Orb.
     0 | D:1      | Reached XP level 1. HP: 19/19 MP: 0/0
   150 | D:1      | Reached XP level 2. HP: 27/27 MP: 1/1
   654 | D:1      | Reached XP level 3. HP: 33/33 MP: 2/2
   826 | D:2      | Found a hazy altar of Hepliaklqana.
  1151 | D:2      | Found a shattered altar of Ashenzari.
  1177 | D:2      | Found a snail-covered altar of Cheibriados.
  1569 | D:3      | Noticed Robin
  1588 | D:3      | Reached XP level 4. HP: 39/41 MP: 3/3
  1600 | D:3      | Killed Robin
  1907 | D:3      | Reached skill level 5 in Fighting
  1920 | D:3      | Reached XP level 5. HP: 48/48 MP: 4/4
  2805 | D:4      | Reached skill level 5 in Shields
  2807 | D:4      | Reached skill level 5 in Armour
  2829 | D:4      | Reached XP level 6. HP: 56/56 MP: 5/5
  2959 | D:4      | Found a sand-covered staircase.
  2969 | Ossuary  | Entered an ossuary
  3794 | D:4      | Noticed an orc warrior
  3817 | D:4      | Killed an orc warrior
  3817 | D:4      | Reached XP level 7. HP: 24/63 MP: 6/6
  3821 | D:4      | Reached skill level 5 in Maces & Flails
  4288 | D:4      | Found a burning altar of Makhleb.
  4431 | D:4      | Noticed a moth of wrath
  4434 | D:4      | Found a bloodstained altar of Trog.
  4994 | D:5      | Entered Level 5 of the Dungeon
  5037 | D:5      | Found an opulent altar of Gozag.
  5037 | D:5      | Found a hide-covered altar of Uskayaw.
  5037 | D:5      | Found a blossoming altar of Fedhas.
  5251 | D:5      | Found Migyish's General Store.
  5255 | D:5      | Bought a potion of curing for 45 gold pieces
  5255 | D:5      | Bought a potion of degeneration for 15 gold pieces
  5279 | D:5      | Found a sacrificial altar of Ru.
  5343 | D:5      | Reached XP level 8. HP: 31/71 MP: 7/7
  5356 | D:5      | HP: 1/71 [orc priest/divine providence (16)]
  5357 | D:5      | Killed from afar by an orc priest

Skill      XL: |  1  2  3  4  5  6  7 |
---------------+----------------------+-----
Fighting       | 4 5 6 |  6.9
Armour         | 4 5 6 |  6.7
Shields        | 4 5 6 |  6.7
Maces & Flails | 3 4 5 |  5.8

Action                   |  1- 3 |  4- 6 |  7- 9 || total
-------------------------+-------+-------+-------++-------
Melee: Flail             |   120 |    53 |       ||   173
       Headbutt          |    17 |    47 |    19 ||    83
       Mace              |       |   211 |   109 ||   320
  Use: Scroll            |     1 |     3 |    12 ||    16
       Potion            |       |       |     1 ||     1
  Eat: Chunk             |     2 |     5 |     3 ||    10
       Bread ration      |       |     1 |       ||     1
Armor: Scale mail        |    59 |    87 |       ||   146
       Chain mail        |       |     9 |     2 ||    11
       Plate armour      |       |       |    73 ||    73
Dodge: Dodged            |    40 |    70 |    23 ||   133
Block: Shield            |    69 |   119 |    56 ||   244
